 Dungeon Crawl Stone Soup version 0.29-a0-371-g91724d5b39 (webtiles) character file.

Game seed: 12069886401547030756

2784 YayAnonymity the Basher (level 9, 0/88 HPs)
             Began as a Troll Berserker on May 3, 2022.
             Was a Priest of Trog.
             Slain by an orc warrior
             ... wielding a +0 broad axe
              (15 damage)
             ... in a bailey.
             The game lasted 00:12:16 (5905 turns).

YayAnonymity the Basher (Troll Berserker)           Turns: 5905, Time: 00:12:17

Health: 0/88       AC:  9    Str: 31    XL:     9   Next: 43%
Magic:  8/8        EV: 10    Int:  3    God:    Trog [***...]
Gold:   338        SH:  0    Dex:  9    Spells: 8/8 levels left

rFire   . . .      SeeInvis .   (no weapon)
rCold   + . .      Faith    .   (no shield)
rNeg    . . .      Spirit   .   j - +0 acid dragon scales
rPois   .          Reflect  .   (helmet restricted)
rElec   .          Harm     .   (no cloak)
rCorr   +          Rampage  .   (gloves unavailable)
Will    ++...                   (boots unavailable)
Stlth   +.........              (no amulet)
HPRegen 2.04/turn               n - ring of protection from cold
MPRegen 0.11/turn               (no ring)

@: strong-willed, on berserk cooldown, regenerating, slowed, very slow
A: large, unfitting armour, claws 3, regeneration 1, shaggy fur 1, tough skin 1
a: Renounce Religion, Berserk, Trog's Hand


You were in a bailey.
You worshipped Trog.
Trog was most pleased with you.
You visited 2 branches of the dungeon, and saw 8 of its levels.
You also visited: Bailey.

You collected 338 gold pieces.

Inventory:

Hand Weapons
 a - a +0 giant club
 q - a +2 antimagic flail
Missiles
 d - a throwing net
 k - 3 large rocks (quivered)
 o - 4 poisoned darts
Armour
 j - +0 acid dragon scales (worn)
Jewellery
 n - a ring of protection from cold (left claw)
Wands
 m - a wand of digging (5)
 r - a wand of flame (16)
 s - a wand of charming (8)
 t - a wand of paralysis (4)
 y - a wand of iceblast (5)
Scrolls
 f - 5 scrolls of teleportation
 p - a scroll of fear
 u - a scroll of holy word
 x - a scroll of summoning
Potions
 b - a potion of ambrosia
 c - a potion of heal wounds
 e - a potion of curing
 g - a potion of flight
 h - a potion of magic
 i - 2 potions of mutation {unknown}
 l - 3 potions of lignification {unknown}
 v - a potion of attraction {unknown}
 w - a potion of cancellation {unknown}


   Skills:
 - Level 5.0 Fighting
 * Level 8.5 Maces & Flails
 - Level 5.0 Armour
 - Level 5.0 Dodging


You had 8 spell levels left.
You didn't know any spells.
Your spell library was empty.

Dungeon Overview and Level Annotations

Branches:
Dungeon (7/15)             Temple (1/1) D:5          Bailey (1/1)

Altars:
Ashenzari
Cheibriados
Dithmenos
Elyvilon
Fedhas
Gozag
Hepliaklqana
Kikubaaqudgha
Makhleb
Nemelex Xobeh
Okawaru
Ru
Sif Muna
Trog
Uskayaw
Wu Jian
Xom
Yredelemnul
Zin
The Shining One

Shops:
D:2 !   D:3 (


Innate Abilities, Weirdness & Mutations

You are too large for most types of armour.
You have claws for hands.
Your natural rate of healing is unusually fast.
You are covered in fur. (AC +1)
You have tough skin. (AC +1)


Message History

The hobgoblin hits you but does no damage.
The orc warrior hits you with a +0 broad axe!
The gnoll hits you with a +0 hand axe!
You claw the orc warrior!
The orc warrior is severely wounded.
You barely miss the orc warrior.
The orc warrior is severely wounded.
You are no longer berserk.
You are exhausted.
You feel yourself slow down. The hobgoblin closely misses you.
The orc warrior hits you with a +0 broad axe!
The gnoll barely misses you.
You scratch the orc warrior.
The orc warrior is severely wounded.
The hobgoblin closely misses you. The orc warrior closely misses you.
The gnoll hits you with a +0 hand axe.
The orc warrior hits you with a +0 broad axe.
The gnoll hits you but does no damage.
The hobgoblin hits you but does no damage.
You scratch the orc warrior.
The orc warrior is severely wounded.
The hobgoblin hits you but does no damage.
The orc warrior hits you with a +0 broad axe!
* * * LOW HITPOINT WARNING * * *
The gnoll barely misses you.
You scratch the orc warrior.
The orc warrior is almost dead.
The hobgoblin hits you but does no damage.
The orc warrior misses you. The gnoll closely misses you.
The orc warrior hits you with a +0 broad axe!
* * * LOW HITPOINT WARNING * * *
The gnoll hits you with a +0 hand axe.
* * * LOW HITPOINT WARNING * * *
The hobgoblin closely misses you.
Okay, then.
Your skin crawls.
You feel strong-willed.
The hobgoblin hits you but does no damage.
The orc warrior hits you with a +0 broad axe!
You die... .....⌠..... .........# ........ ......# ..... og.

####g## ##..g@o##
#.......#
##.......##
#.........#
##.........##
#######.....⌠.....#
##.....##.........##
#.......#.........#
##.......##[......##


You could see an orc warrior, a gnoll, an orc and 2 hobgoblins.

Vanquished Creatures
  Maggie (D:6)
  Edmund (D:5)
  A black bear (D:6)
  2 orc warriors (Bailey)
  3 ice beasts
  A sky beast (D:4)
  A centaur (D:7)
  2 ogres
  2 phantoms
  A bullfrog (D:6)
  A scorpion (D:6)
  A gnoll sergeant (D:6)
  6 killer bees (D:7)
  4 howler monkeys
  2 hounds (D:4)
  A jelly (D:5)
  An orc priest (D:7)
  2 gnoll shamans
  Jessica (D:2)
  Terence (D:2)
  3 iguanas
  4 orc wizards
  Robin (D:4)
  17 gnolls
  3 adders
  2 shadow imps
  3 white imps
  18 orcs
  12 ball pythons
  5 endoplasms
  3 giant cockroaches
  23 goblins
  9 hobgoblins
  2 jackals (D:1)
  4 kobolds
  2 quokkas
  A bat (D:2)
  3 frilled lizards
  8 rats
158 creatures vanquished.

Notes
Turn   | Place    | Note
-------+----------+-------------------------------------------
     0 | D:1      | YayAnonymity the Troll Berserker began the quest for the
                  | Orb.
     0 | D:1      | Reached XP level 1. HP: 22/22 MP: 0/0
   183 | D:1      | Reached XP level 2. HP: 29/29 MP: 1/1
   200 | D:1      | Reached skill level 3 in Maces & Flails
   513 | D:2      | Reached XP level 3. HP: 36/36 MP: 2/2
   519 | D:2      | Reached ** piety under Trog
   829 | D:2      | Found Piviq's Distillery.
   866 | D:2      | Found a faded altar of an unknown god.
   904 | D:2      | Noticed Jessica
   906 | D:2      | Noticed Terence
   917 | D:2      | Killed Terence
   918 | D:2      | Reached skill level 1 in Armour
   922 | D:2      | Killed Jessica
   923 | D:2      | Reached XP level 4. HP: 12/44 MP: 3/3
   954 | D:2      | Noticed an ogre
   963 | D:2      | Killed an ogre
   964 | D:2      | Reached skill level 4 in Maces & Flails
   964 | D:2      | Reached XP level 5. HP: 53/53 MP: 4/4
  1468 | D:3      | Found a shimmering blue altar of Sif Muna.
  1668 | D:3      | Found Roggauh's Weapon Shop.
  1693 | D:3      | Found a faded altar of an unknown god.
  2036 | D:4      | Noticed a sky beast
  2053 | D:4      | Killed a sky beast
  2054 | D:4      | Reached XP level 6. HP: 36/61 MP: 5/5
  2520 | D:4      | Noticed Robin
  2528 | D:4      | Reached skill level 5 in Maces & Flails
  2554 | D:4      | Killed Robin
  2658 | D:4      | Reached XP level 7. HP: 45/67 MP: 6/6
  2693 | D:4      | Found a hazy altar of Hepliaklqana.
  3053 | D:5      | Entered Level 5 of the Dungeon
  3130 | D:5      | Reached *** piety under Trog
  3282 | D:5      | Found a staircase to the Ecumenical Temple.
  3320 | Temple   | Entered the Ecumenical Temple
  3574 | D:5      | Noticed Edmund
  3587 | D:5      | Killed Edmund
  4261 | D:6      | Reached skill level 6 in Maces & Flails
  4261 | D:6      | Reached XP level 8. HP: 49/78 MP: 7/7
  4433 | D:6      | Noticed Maggie
  4457 | D:6      | Killed Maggie
  4657 | D:6      | Reached skill level 7 in Maces & Flails
  5314 | D:7      | Reached skill level 5 in Fighting
  5314 | D:7      | Reached XP level 9. HP: 84/88 MP: 8/8
  5369 | D:7      | Reached skill level 5 in Dodging
  5399 | D:7      | HP: 3/88 [killer bee (5)]
  5430 | D:7      | Reached skill level 8 in Maces & Flails
  5718 | D:7      | Found Lawkeid's Weapon Emporium.
  5773 | D:7      | Found a flagged portal.
  5780 | Bailey   | Entered a bailey
  5897 | Bailey   | Reached skill level 5 in Armour
  5905 | Bailey   | Slain by an orc warrior

Illustrated notes

Levels and vault maps discovered:
D:1:      dpeg_arrival_tiny_f, layout_rooms
D:2:      layout_basic, hellmonk_ecumenical_altar_crossroads, serial_shops,
          nicolae_diamond_shop, serial_bayou_pond_e,
          chequers_serial_rivers_room_a, minmay_misc_feat_square, uniq_terence,
          uniq_jessica
D:3:      layout_loops_cross, nicolae_overflow_ecumenical_swirl, led_sif_pool,
          serial_shops, shop, minmay_ruptured
D:4:      layout_basic, lemuel_crystal_altar, serial_corexii_hall,
          chequers_hall_statues_wall_a, corexii_hall_statues_i,
          chequers_hall_statues_y, chequers_hall_statues_y, minmay_crystal_room,
          dk_noncrumbling_2, uniq_robin
D:5:      layout_basic, minmay_temple_entry_mini_moons, uniq_edmund
D:6:      layout_basic, uniq_maggie
D:7:      layout_loops_corners, serial_shops, nicolae_lakefront_shop,
          enter_bailey_1, uniq_prince_ribbit1, uniq_menkaure
Temple:   compressed_dpeg_circular_temple
Bailey:   bailey_axe_minmay_hex_keep, bailey

Skill      XL: |  1  2  3  4  5  6  7  8  9 |
---------------+----------------------------+-----
Maces & Flails | 3 4 5 6 7 8 |  8.5
Armour         | 1 2 3 4 5 |  5.0
Fighting       | 3 4 5 |  5.0
Dodging        | 3 4 5 |  5.0

Action                   |  1- 3 |  4- 6 |  7- 9 || total
-------------------------+-------+-------+-------++-------
Melee: Unarmed           |    84 |   169 |   422 ||   675
       Punch             |       |     1 |     5 ||     6
Invok: Berserk           |     1 |     5 |     9 ||    15
       Trog's Hand       |       |     2 |     5 ||     7
  Use: Scroll            |       |       |    15 ||    15
       Potion            |       |       |     5 ||     5
 Stab: Sleeping          |       |     1 |       ||     1
Armor: Animal skin       |    19 |    61 |    30 ||   110
       Acid dragon scale |       |       |   156 ||   156
Dodge: Dodged            |    44 |    97 |   242 ||   383

Table legend: (Time is in decaauts)
 A = Elapsed time spent in this place.
 B = Non-inter-level travel time spent in this place.
 C = Inter-level travel time spent in this place.
 D = Time resting spent in this place.
 E = Time spent auto-exploring this place.
 F = Levels seen in this place.
 G = Mean time per level.
                   A        B        C        D        E       F      G
               +--------+--------+--------+--------+--------+-----+--------+
         Total |   6006 |   5782 |    224 |    253 |   3973 |   9 |  667.3 |
       Dungeon |   5765 |   5549 |    216 |    224 |   3886 |   7 |  823.6 |
        Temple |    109 |    101 |      8 |      0 |     87 |   1 |  109.0 |
        Bailey |    130 |    130 |      0 |     29 |      0 |   1 |  130.0 |
               +--------+--------+--------+--------+--------+-----+--------+

Top non-repeatable levels by time:
     D:4: 1113 daAuts
     D:6: 1096 daAuts
     D:5: 1032 daAuts
     D:2: 829 daAuts
     D:3: 691 daAuts
     D:7: 533 daAuts
     D:1: 469 daAuts
  Bailey: 130 daAuts
  Temple: 109 daAuts
